 Dungeon Crawl Stone Soup version 0.30-b1-2-g02819fbbbe (webtiles) character file.

Game seed: 5688159214179981458

166 Mesmaeker13 the Trooper (level 5, -14/45 (53) HPs)
             Began as an Ogre Reaver on July 16, 2023.
             Demolished by a kobold
             ... wielding a +0 whip of electrocution
              (18 damage)
             ... on level 4 of the Dungeon.
             The game lasted 00:06:41 (2575 turns).

Mesmaeker13 the Trooper (Ogre Reaver)               Turns: 2575, Time: 00:06:41

HP:   -14/45 (53)   AC:  3    Str: 18    XL:     5   Next: 47%
MP:   9/9           EV:  9    Int: 14    God:
Gold: 130           SH:  0    Dex:  7    Spells: 5/10 levels left

rFire   . . .        t - +0 giant club
rCold   . . .        (shield currently unavailable)
rNeg    . . .        b - +0 robe
rPois   .            (helmet restricted)
rElec   .            (no cloak)
rCorr   .            (gloves unavailable)
SInv    .            (boots unavailable)
Will    .....        (no amulet)
Stlth   +            (no ring)
HPRegen 0.27/turn    (no ring)
MPRegen 0.11/turn

%: no passive effects
@: heavily drained
A: large, unfitting armour, tough skin 1
a: no special abilities


You were on level 4 of the Dungeon.
You visited 1 branch of the dungeon, and saw 4 of its levels.

You collected 156 gold pieces.
You spent 26 gold pieces at shops.

Inventory:

Hand Weapons
 e - a +0 sling
 l - a +0 flail
 t - a +0 giant club (weapon)
Missiles
 f - 6 javelins
 h - 3 poisoned darts (quivered)
Armour
 b - a +0 robe (worn)
Jewellery
 s - a ring of ice
Scrolls
 d - 4 scrolls of teleportation
 j - a scroll of enchant armour {unknown}
 m - a scroll of fear {unknown}
 n - 2 scrolls of torment
 q - a scroll of fog {unknown}
 r - a scroll of silence {unknown}
Potions
 a - a potion of haste
 c - a potion of cancellation {unknown}
 g - a potion of degeneration
 i - a potion of curing {unknown}
 k - 2 potions of mutation
 o - a potion of invisibility {unknown}
 p - a potion of attraction {unknown}


   Skills:
 + Level 3.6 Fighting
 + Level 3.2 Maces & Flails
 - Level 2.2 Throwing
 + Level 2.5 Dodging
 - Level 3.2 Spellcasting
 - Level 3.2 Conjurations
 + Level 0.0 Translocations


You had 5 spell levels left.
You knew the following spells:

 Your Spells              Type           Power      Damage    Failure   Level
a - Kiss of Death         Conj/Necr      24%        2d7       11%         1
b - Manifold Assault      Tloc           2%         N/A       91%         4

Your spell library contained the following spells:

 Spells                   Type           Power      Damage    Failure   Level
 Momentum Strike          Conj/Tloc      12%        3d8       16%         2
 Blink                    Tloc           4%         N/A       32%         2
 Hailstorm                Conj/Ice       6%         3d4       32%         3
 Storm Form               Tmut/Air       1%         N/A       100%        7


Dungeon Overview and Level Annotations

Branches:
Dungeon (4/15)
 Temple: D:4-7

Altars:

Shops:
D:3 *

Annotations:
D:3 Sigmund


Innate Abilities, Weirdness & Mutations

You are too large for most types of armour.
You have tough skin. (AC +1)


Message History

You see here a hobgoblin corpse.
There is a stone staircase leading up here.
Found 4 stones.
Found an Inescapable Atlas.
Found 20 gold pieces.
You pick up an Inescapable Atlas and begin reading...
You add the spells Blink, Manifold Assault and Storm Form to your library.
This spell is astonishingly dangerous to cast!
Memorise Manifold Assault, consuming 4 spell levels and leaving 5?
You start memorising the spell.
You continue memorising. x4
You finish memorising.
Spell assigned to 'b'.
Casting: Kiss of Death (safe; 11% risk of failure)
Confirm with . or Enter, or press ? or * to list all spells.
Okay, then.
You now have 130 gold pieces (gained 20).
Found a leather armour.
u - a scroll of identify
As you read the scroll of identify, it crumbles to dust.
k - 2 potions of mutation
Found a stone staircase leading down.
Found 3 stones.
Found a stone staircase leading down.
A kobold comes into view.
It is wielding a +0 whip of electrocution.
The kobold throws a stone.
The stone hits you. The kobold hits you but does no damage.
You closely miss the kobold. The kobold hits you but does no damage.
You are electrocuted!!
The kobold closely misses you.
You barely miss the kobold. The kobold hits you but does no damage.
You are electrocuted!
You barely miss the kobold.
The kobold hits you with a +0 whip of electrocution. x2
You are electrocuted!
* * * LOW HITPOINT WARNING * * *
You closely miss the kobold. The kobold barely misses you.
You barely miss the kobold. The kobold barely misses you.
The kobold completely misses you.
You barely miss the kobold. The kobold closely misses you.
You barely miss the kobold. The kobold hits you but does no damage.
You are electrocuted!!
You die...

#.#.#
.###.##.#.#####
#.#.###.###.##.#.#
..#...........#.#
#..######.##.#.#
......###.##.#.#
..........##.#.##
#(......####[...##
#....>...##......#
#.........@K......
........###......#
...##.### ....>..
...... ..#####
^^^### ..# . ...
##.# .#


You could see a kobold.

Vanquished Creatures
  An ogre (D:2)
  2 adders (D:3)
  7 orcs (D:3)
  5 ball pythons
  4 bats
  3 endoplasms
  3 giant cockroaches
  6 goblins
  5 hobgoblins
  4 quokkas
  3 frilled lizards
  4 kobolds
  3 rats
50 creatures vanquished.

Notes
Turn   | Place    | Note
-------+----------+-------------------------------------------
     0 | D:1      | Mesmaeker13 the Ogre Reaver began the quest for the Orb.
     0 | D:1      | Reached XP level 1. HP: 22/22 MP: 3/3
   200 | D:1      | Reached XP level 2. HP: 25/29 MP: 5/5
  1094 | D:2      | Found a faded altar of an unknown god.
  1103 | D:2      | Reached XP level 3. HP: 28/37 MP: 7/7
  1411 | D:2      | Noticed an ogre
  1561 | D:3      | Reached skill level 1 in Throwing
  1684 | D:3      | Reached XP level 4. HP: 15/45 MP: 8/8
  1946 | D:3      | Found Kotiq's General Store.
  1954 | D:3      | Bought a scroll of identify for 26 gold pieces
  2166 | D:3      | Noticed Sigmund
  2255 | D:2      | Killed an ogre
  2256 | D:2      | Reached XP level 5. HP: 11/45 MP: 6/9
  2523 | D:4      | Learned a level 4 spell: Manifold Assault
  2571 | D:4      | HP: 2/45 [kobold/+0 whip of electrocution (14)]
  2575 | D:4      | Demolished by a kobold

Illustrated notes

Levels and vault maps discovered:
D:1:      arrival_zaba_pyramid, layout_loops_corners, minmay_box_of_dots
D:2:      layout_basic, chequers_ecumenical_altar_simple_redux
D:3:      layout_loops_ring, pf_just_have_faith, serial_shops,
          nicolae_shop_advertising_works [nicolae_subvault_shop_adworks],
          minmay_fractal_squares_5, uniq_sigmund
D:4:      layout_loops_ring, grunt_temple_overflow_forces_of_nature,
          bloody_trog, bloody_makhleb, nzn_hepliaklqana_mist_gate,
          nrook_mini_vaults

Skill      XL: |  1  2  3  4 |
---------------+-------------+-----
Fighting       | 3 |  3.6
Dodging        | 2 |  2.5
Conjurations   | 3 |  3.2
Throwing       | 1 2 |  2.2
Maces & Flails | 3 |  3.2
Spellcasting   | 3 |  3.2

Action                     |  1- 3 |  4- 6 || total
---------------------------+-------+-------++-------
  Melee: Mace              |   174 |     3 ||   177
         Punch             |     2 |       ||     2
         Flail             |       |    16 ||    16
         Giant club        |       |    21 ||    21
  Throw: Dart              |       |     2 ||     2
         Javelin           |       |     1 ||     1
   Cast: Kiss of Death     |       |     3 ||     3
    Use: Scroll            |     3 |     2 ||     5
         Potion            |     2 |       ||     2
 Armour: Robe              |    58 |    14 ||    72
  Dodge: Dodged            |   118 |    23 ||   141
